 Dungeon Crawl Stone Soup version 0.18.1-50-g88ac8fd (webtiles) character file.

9 inmateoo the Chopper (level 2, -1/17 HPs)
             Began as a Tengu Warper on Oct 17, 2016.
             Slain by a jackal (2 damage)
             ... on level 1 of the Dungeon.
             The game lasted 00:00:52 (1044 turns).

inmateoo the Chopper (Tengu Warper)                 Turns: 1044, Time: 00:00:52

Health: -1/17      AC:  5    Str: 11    XL:     2   Next: 12%
Magic:  6/6        EV: 11    Int: 13    God:
Gold:   51         SH:  0    Dex: 13    Spells: 1 memorised, 4 levels left

rFire  . . .     SeeInvis .     a - +0 hand axe
rCold  . . .     Gourm    .     m - +0 ring mail
rNeg   . . .     Faith    .     (no shield)
rPois  .         Spirit   .     (helmet restricted)
rElec  .         Dismiss  .     (no cloak)
rCorr  .         Reflect  .     (no gloves)
SustAt .         Harm     .     (boots unavailable)
MR     .....                    (no amulet)
Stlth  +.........               (no ring)
                                (no ring)

@: not resistant to hostile enchantments, very unstealthy
A: beak, talons 3
a: no special abilities


You were on level 1 of the Dungeon.
You were not hungry.

You visited 1 branch of the dungeon, and saw 2 of its levels.

You collected 51 gold pieces.

Inventory:

Hand Weapons
 a - a +0 hand axe (weapon)
Missiles
 e - 5 tomahawks of dispersal (quivered)
Armour
 m - a +0 ring mail (worn)
Jewellery
 q - a cursed ring of loudness {unknown}
Scrolls
 b - a scroll of recharging {unknown}
 d - a scroll of blinking
 g - a scroll of fear {unknown}
 h - 2 scrolls of amnesia
 n - a scroll of identify {unknown}
 p - a scroll of remove curse {unknown}
Potions
 i - a potion of cure mutation {unknown}
 j - a potion of invisibility {unknown}
 l - 2 potions of curing {unknown}
Books
 c - a book of Spatial Translocations

   Spells                             Type                      Level
   a - Apportation                    Translocation                1
   b - Blink                          Translocation                2
   c - Shroud of Golubria             Charms/Translocation         2
   d - Portal Projectile              Translocation                3
   e - Teleport Other                 Translocation                3
   f - Passage of Golubria            Translocation                4
Comestibles
 f - a bread ration
 k - a beef jerky
 o - a slice of pizza


   Skills:
 - Level 2.0 Fighting
 + Level 3.1 Axes
 - Level 1.0 Throwing
 - Level 1.1 Armour
 - Level 2.1 Dodging
 - Level 2.0 Spellcasting
 - Level 2.4 Translocations


You had 4 spell levels left.
You knew the following spells:

 Your Spells              Type           Power        Failure   Level  Hunger
a - Apportation           Tloc           #.........   28%         1    ##.....


Dungeon Overview and Level Annotations

Branches:
Dungeon (2/15)

Altars:


Innate Abilities, Weirdness & Mutations

You have a beak for a mouth.
You have claws for feet.


Message History

The bat hits you.
* * * LOW HITPOINT WARNING * * *
You hit the bat. You peck the bat.
You kill the bat!
The jackal misses you.
You hit the jackal but do no damage. The jackal misses you.
The jackal closely misses you.
You closely miss the jackal. You claw the jackal.
The jackal is lightly wounded.
The jackal bites you.
* * * LOW HITPOINT WARNING * * *
You barely miss the jackal. Your kick misses the jackal. You peck the jackal.
The jackal is moderately wounded.
The jackal bites you.
* * * LOW HITPOINT WARNING * * *
The jackal closely misses you.
You hit the jackal but do no damage.
The jackal is moderately wounded.
The jackal bites you.
You die...

#########
#........
#########.#######
##h##..>##.#
##@#.h...##.#
##.###g....#.# #
######.##
##...#..#######
#.....##
##............
###.####.##
##...#..#.#.###
##...##
##)###.#.#.#.#.#.#
# #####.....#
##.#.##.###.#.#.#
#.........#
##.###.# #.#.#.#
#.###.....# #(#
#.###.#.#.#


You could see a jackal.

Vanquished Creatures
  A bat (D:1)
  5 kobolds (D:1)
  A giant newt (D:1)
  2 goblins (D:1)
9 creatures vanquished.

Notes
Turn   | Place    | Note
--------------------------------------------------------------
     0 | D:1      | inmateoo the Tengu Warper began the quest for the Orb.
     0 | D:1      | Reached XP level 1. HP: 12/12 MP: 4/4
   286 | D:1      | Reached XP level 2. HP: 10/17 MP: 6/6
  1003 | D:1      | Reached skill level 3 in Axes
  1044 | D:1      | Slain by a jackal

Skill      XL: |  1  2 |
---------------+-------+-----
Axes           | 3 |  3.1
Fighting       | |  2.0
Throwing       | |  1.0
Armour         | |  1.1
Dodging        | |  2.1
Spellcasting   | |  2.0
Translocations | |  2.4

Action                   || total
-------------------------++-------
Melee: Hand axe          ||    28
       Kick              ||     9
       Peck              ||     5
  Use: Scroll            ||     1
Armor: Leather armour    ||     5
       Ring mail         ||     9
Dodge: Dodged            ||    36
